AoeStats
← OsoMarloso

Arena

504258653Analyzed
1v1 RM · 29d ago on Sep 4, 2026· 20m 43s· 2 players
Game mode
Random Map
Map size
Tiny (2 player)
Population
200
Speed
Normal
Resources
Standard
Victory
Conquest
Starting age
Dark Age
Ending age
Imperial Age
RankedLock teamsTeams togetherTeam positionsShared explorationLock speedFull tech treeHidden civsTurbo modeCheats
Victory
Defeat
🇬🇧 Spanish · United Kingdom
935
+15
🇦🇷 Italians · Argentina
911
-42
OsoMarloso
4:32 Loom
12:11 Feudal Age
13:49 Wheelbarrow
13:47 Double-Bit Axe
17:24 Castle Age
ANGOOSE
10:46 Feudal Age
14:43 Castle Age
12:38 Stone Mining
13:32 Loom
13:55 Double-Bit Axe
14:41 Gold Mining
15:58 Fletching
Connection lost

Rejoining the realm…

Still unreachable

The connection could not be restored.

Session expired

The server has moved on; the page needs a fresh start.